Map: Bel'Shir Vestige LE

Players

TLO - Winner!

  • Race: Zerg Zerg
  • Spawn Location: 5:00

Alexander

  • Race: Terran Terran
  • Spawn Location: 11:00

Event: WCS Austin 2017

VOD

Have the link to the VOD?

Description

Time

  • Played on: April 28, 2017, 1:15 p.m.
  • Length: 3:01

All games in this series

Show
View Real Time Build Order
Export as new Build Order

TLO Zerg - Winner!

Build Orders: Hatch First 

Get SALT Encoding   

  12  0:00  Drone  
  13  0:12  Overlord  
  13  0:17  Drone  
  14  0:31  Drone x2  
  16  0:49  Hatchery  
  15  0:52  Drone  
  16  0:57  Drone  
  17  1:10  Spawning Pool  
  16  1:12  Drone  
  16  1:15  Drone  
  16  1:18  Drone  
  19  1:20  Extractor  
  18  1:30  Drone  
  19  1:39  Overlord  
  19  1:57  Queen  
  19  1:58  Zergling x2  
  19  2:00  Zergling x2  
  23  2:01  Queen  
  23  2:02  Zergling x2  
  26  2:11  Drone  
  26  2:12  Drone  
  28  2:27  Zergling x4  
  30  2:30  Spine Crawler  
  30  2:32  Zergling x2  
  30  2:33  Zergling x2  
  31  2:38  Spine Crawler  
  31  2:44  Zergling x2  
Show
View Real Time Build Order
Export as new Build Order

Alexander Terran 

Build Orders:  

Get SALT Encoding   

  12  0:00  SCV  
  13  0:13  SCV  
  14  0:21  Supply Depot  
  14  0:25  SCV  
  15  0:42  SCV  
  16  0:51  Barracks  
  16  0:56  Barracks  
  17  1:08  Barracks  
  16  1:17  Supply Depot  
  16  1:24  SCV  
  17  1:38  Orbital Command  
  17  1:39  Marine  
  18  1:45  Marine  
  19  1:54  Barracks  
  19  1:58  Marine  
  20  2:05  SCV  
  20  2:07  Marine  
  22  2:09  Marine  
  23  2:16  Marine  
  24  2:28  Marine x2  
  26  2:33  Bunker  
  26  2:34  Bunker  
  26  2:38  Marine  
  27  2:49  Supply Depot  
Tags
 
Add a new tag
Caveats
  • Supply blocks, unpowered buildings, or Contaminate may cause inaccurate times.
  • Supply counts are checked every 10 seconds.